 Dungeon Crawl Stone Soup version 0.30-a0-534-gdc55766716 (webtiles) character file.

Game seed: 11743818126059054338

60 wormed the Cudgeller (level 3, 0/33 HPs)
             Began as an Armataur Berserker on Dec 25, 2022.
             Was a Believer of Trog.
             Slain by Terence
             ... wielding a +0 falchion
              (2 damage)
             ... on level 2 of the Dungeon.
             The game lasted 00:03:49 (1367 turns).

wormed the Cudgeller (Armataur Berserker)           Turns: 1367, Time: 00:03:49

Health: 0/33       AC:  6    Str: 24    XL:     3   Next: 82%
Magic:  3/3        EV:  9    Int:  7    God:    Trog [**....]
Gold:   70         SH:  0    Dex:  9    Spells: 2/2 levels left

rFire   . . .      SeeInvis .    a - +0 mace
rCold   . . .      Faith    +    (no shield)
rNeg    . . .      Spirit   .    i - +0 ring mail
rPois   +          Reflect  .    (no helmet)
rElec   .          Harm     .    (no cloak)
rCorr   .          Roll     +    (no gloves)
Will    .....                    (no barding) Stlth
                                 g - amulet of faith
HPRegen 0.25/turn                f - ring of poison resistance
MPRegen 0.08/turn                (no ring)

@: no status effects
A: large, rugged brown scales 3, deformed body, armoured tail, roll, long
tongue, awkward tongue
a: Renounce Religion, Berserk, Trog's Hand


You were on level 2 of the Dungeon.
You worshipped Trog.
Trog was pleased with you.
You visited 1 branch of the dungeon, and saw 2 of its levels.

You collected 70 gold pieces.

Inventory:

Hand Weapons
 a - a +0 mace (weapon)
Armour
 b - a +0 animal skin
 i - a +0 ring mail (worn)
Jewellery
 f - a ring of poison resistance (left hand)
 g - an amulet of faith (around neck)
Scrolls
 c - 3 scrolls of immolation
 d - a scroll of noise {unknown}
 e - a scroll of teleportation {unknown}
 h - a scroll of fear {unknown}


   Skills:
 + Level 3.0 Fighting
 * Level 3.3 Maces & Flails
 + Level 3.0 Armour
 + Level 1.7 Dodging
 + Level 1.3 Shields


You had 2 spell levels left.
You didn't know any spells.
Your spell library was empty.

Dungeon Overview and Level Annotations

Branches:
Dungeon (2/15)

Altars:

Shops:
D:1 *[!:[

Annotations:
D:2 Terence


Innate Abilities, Weirdness & Mutations

You are completely covered in rugged brown scales. (AC +3, +7% HP)
Armour fits poorly on your strangely shaped body.
You have a long armoured tail.
You roll when moving toward enemies. (Rampage)
Your long tongue fully drains potion bottles. (2x potion effects)
Your tongue gives you trouble enunciating. (1.5x scroll delay)


Message History

Terence barely misses you.
You hit Terence.
Terence is heavily wounded.
Terence barely misses you.
You barely miss Terence.
Terence is heavily wounded.
Terence shouts, "Get ready for death!"
Terence hits you with a +0 falchion. Terence closely misses you.
You hit Terence but do no damage.
Terence is heavily wounded.
Terence closely misses you.
You barely miss Terence.
Terence is heavily wounded.
Terence hits you with a +0 falchion.
You hit Terence.
Your tail-slap misses Terence.
Terence is severely wounded.
Terence hits you but does no damage.
You barely miss Terence.
Terence is severely wounded.
Terence hits you with a +0 falchion. Terence barely misses you.
You hit Terence but do no damage.
Terence is heavily wounded.
Terence hits you with a +0 falchion!
You are too injured to fight recklessly!
You are too injured to fight recklessly!
You closely miss Terence. You tail-slap Terence!
Terence is almost dead.
Terence hits you with a +0 falchion!
* * * LOW HITPOINT WARNING * * *
You barely miss Terence.
Terence is almost dead.
Terence closely misses you.
You closely miss Terence.
Terence is almost dead.
Terence barely misses you. Terence hits you with a +0 falchion.
* * * LOW HITPOINT WARNING * * *
You hit Terence.
Terence is almost dead.
Terence hits you with a +0 falchion.
You die...

#.#.#####.# #..
##.#.#####.# ###
#..........# #
#..#.....####### #
#..#............
#..####..#......######
#........#...... #
#..###...# .... #
#....@...# ....
#..<@....# #.......##
#......... #.......##.
#......## .# #......#
# #.####.#


You could see Terence.

Vanquished Creatures
  Jessica (D:2)
  4 ball pythons (D:1)
  4 bats
  5 endoplasms
  A giant cockroach (D:1)
  A goblin (D:1)
  3 hobgoblins
  3 kobolds
  3 frilled lizards
  8 rats
33 creatures vanquished.

Notes
Turn   | Place    | Note
-------+----------+-------------------------------------------
     0 | D:1      | wormed the Armataur Berserker began the quest for the Orb.
     0 | D:1      | Reached XP level 1. HP: 19/19 MP: 1/1
    23 | D:1      | Found Nayd's Book Boutique.
   172 | D:1      | Found Noud's Distillery.
   195 | D:1      | Reached XP level 2. HP: 21/26 MP: 2/2
   394 | D:1      | Found Ycuu's Antique Armour Boutique.
   429 | D:1      | Found Tucu's General Store.
   632 | D:1      | Found Obiulikk's Armour Shoppe.
   789 | D:1      | Reached ** piety under Trog
  1222 | D:2      | Reached XP level 3. HP: 32/32 MP: 3/3
  1235 | D:2      | Noticed Jessica
  1238 | D:2      | Killed Jessica
  1239 | D:2      | Reached skill level 1 in Shields
  1351 | D:2      | Noticed Terence
  1367 | D:2      | Slain by Terence

Illustrated notes

Levels and vault maps discovered:
D:1:      saegor_arrival_under_anarchy, layout_basic, serial_shops,
          nicolae_shop_hallway_plus,
          nicolae_shop_temple_entry_statues_fountains, nicolae_shop_trees,
          nicolae_shop_statue_plus, shop, bh_walls_and_bars
D:2:      layout_basic, glass_columns_b, uniq_terence, uniq_jessica

Skill      XL: |  1  2  3 |
---------------+----------+-----
Maces & Flails | 3 |  3.3
Fighting       | 3 |  3.0
Armour         | 3 |  3.0
Shields        | 1 |  1.3
Dodging        | |  1.7

Action                   || total
-------------------------++-------
Melee: Mace              ||   118
       Tailslap          ||    13
       Punch             ||     1
  Use: Scroll            ||     1
 Stab: Sleeping          ||     1
Armor: Animal skin       ||    33
       Ring mail         ||    11
Dodge: Dodged            ||    81

Table legend: (Time is in decaauts)
 A = Elapsed time spent in this place.
 B = Non-inter-level travel time spent in this place.
 C = Inter-level travel time spent in this place.
 D = Time resting spent in this place.
 E = Time spent auto-exploring this place.
 F = Levels seen in this place.
 G = Mean time per level.
                   A        B        C        D        E       F      G
               +--------+--------+--------+--------+--------+-----+--------+
         Total |   1396 |   1310 |     86 |      0 |   1048 |   2 |  698.0 |
       Dungeon |   1396 |   1310 |     86 |      0 |   1048 |   2 |  698.0 |
               +--------+--------+--------+--------+--------+-----+--------+

Top non-repeatable levels by time:
     D:1: 1237 daAuts
     D:2: 158 daAuts
